 Dungeon Crawl Stone Soup version 0.21.1-1-g345015f (webtiles) character file.

1714 shakethe the Basher (level 9, -4/51 HPs)
             Began as a Gargoyle Fighter on Feb 10, 2018.
             Slain by a two-headed ogre
             ... wielding a +0 giant spiked club
              (19 damage)
             ... on level 7 of the Dungeon.
             The game lasted 00:10:20 (6074 turns).

shakethe the Basher (Gargoyle Fighter)              Turns: 6074, Time: 00:10:21

Health: -4/51      AC: 16    Str: 24    XL:     9   Next: 4%
Magic:  9/9        EV:  7    Int:  9    God:
Gold:   392        SH: 10    Dex: 14    Spells: 8/8 levels left

rFire    . . .     SeeInvis .   a - +0 flail
rCold    . . .     Gourm    .   c - +0 shield
rNeg     + . .     Faith    .   H - +0 scale mail
rPois    ∞         Spirit   .   u - +0 helmet
rElec    +         Reflect  .   m - +0 cloak
rCorr    .         Harm     .   (no gloves)
MR       .....                  k - +0 pair of boots
Stlth    ..........             (no amulet)
HPRegen  0.17/turn              j - +2 ring of dexterity
MPRegen  0.11/turn              q - +4 ring of strength

@: no status effects
A: negative energy resistance 1, electricity resistance, unbreathing,
petrification resistance, rot immunity, AC +6
a: no special abilities


You were on level 7 of the Dungeon.
You were hungry.

You visited 1 branch of the dungeon, and saw 7 of its levels.
You also visited: Ossuary.

You collected 392 gold pieces.

Inventory:

Hand Weapons
 a - a +0 flail (weapon)
 b - a +2 shortbow of velocity
   (You took it off a centaur on level 6 of the Dungeon)
Missiles
 I - 17 arrows (quivered)
Armour
 c - a +0 shield (worn)
 k - a +0 pair of boots (worn)
   (You found it on level 2 of the Dungeon)
 m - a +0 cloak (worn)
   (You found it on level 2 of the Dungeon)
 u - a +0 helmet (worn)
   (You found it on level 3 of the Dungeon)
 w - a +0 plate armour
   (You found it on level 4 of the Dungeon)
 H - a +0 scale mail (worn)
Jewellery
 j - a +2 ring of dexterity (left hand)
   (You found it on level 2 of the Dungeon)
 o - an uncursed ring of wizardry {Wiz+, !d}
   (You found it on level 2 of the Dungeon)
 q - a +4 ring of strength (right hand)
   (You found it on level 3 of the Dungeon)
 G - an uncursed ring of magical power {unknown}
   (You found it on level 7 of the Dungeon)
Wands
 E - a wand of acid (11)
   (You found it on level 6 of the Dungeon)
 F - a wand of paralysis (4)
   (You found it on level 6 of the Dungeon)
Scrolls
 e - 8 scrolls of remove curse {unknown}
 g - 4 scrolls of teleportation {unknown}
 i - 6 scrolls of enchant armour {unknown}
 l - 3 scrolls of identify {unknown}
 n - 2 scrolls of fear {unknown}
 r - a scroll of random uselessness {unknown}
 v - 2 scrolls of blinking {unknown}
 x - 4 scrolls of enchant weapon {unknown}
 K - a scroll of fog {unknown}
 L - 2 scrolls of magic mapping {unknown}
Potions
 d - a potion of might
 h - 3 potions of curing {unknown}
 p - 5 potions of heal wounds {unknown}
 s - a potion of flight {unknown}
 t - a potion of degeneration {unknown}
 z - a potion of haste {unknown}
 A - a potion of agility {unknown}
 B - a potion of lignification {unknown}
 C - 3 potions of mutation {unknown}
 D - a potion of berserk rage {unknown}
 M - 2 potions of ambrosia {unknown}
Books
 y - a book of Callings
   (You found it on level 4 of the Dungeon)
Miscellaneous
 J - a crystal ball of energy
   (You found it in an ossuary)
Comestibles
 f - 11 rations


   Skills:
 - Level 3.2 Fighting
 + Level 11.1 Maces & Flails
 - Level 3.2 Armour
 - Level 4.0 Shields


You had 8 spell levels left.
You didn't know any spells.

Dungeon Overview and Level Annotations

Branches:
Dungeon (7/15)
 Temple: D:4-7

Altars:
Gozag
Hepliaklqana
Nemelex Xobeh
Wu Jian
Xom
Yredelemnul


Innate Abilities, Weirdness & Mutations

You are resistant to torment.
Your stone body is resilient. (AC +6)
You are immune to poison.
You resist negative energy. (rN+)
You are resistant to electric shocks. (rElec)
You can survive without breathing.
You are immune to petrification.
You are immune to rotting.


Message History

No target in view!
No target in view!
You open the door.
There is an open door here.
g - 4 scrolls labeled NUNYOT KUOLL (gained 2)
e - 7 scrolls labeled AXAYRINN DEITZ (gained 2)
L - 2 scrolls labeled ACELUSOWNU No target in view!
No target in view!
No target in view!
No target in view!
No target in view!
No target in view!
No target in view!
e - 8 scrolls labeled AXAYRINN DEITZ (gained 1)
There is an open door here.
A mummy comes into view.
The mummy hits you but does no damage.
You sock the mummy! You hit the mummy. The mummy hits you but does no damage.
You sock the mummy!
You destroy the mummy!
No target in view!
No target in view!
No target in view!
No target in view!
No target in view!
No target in view!
No target in view!
No target in view!
No target in view!
No target in view!
No target in view!
No target in view!
No target in view!
An arrow shoots out and hits you!
There is an arrow trap here.
No target in view!
No target in view!
No target in view!
No target in view!
No target in view!
No target in view!
No target in view!
You open the door.
There is an open door here.
h - 3 yellow potions (gained 1)
p - 4 murky purple potions (gained 2)
M - 2 green potions No target in view!
No target in view!
No target in view!
No target in view!
No target in view!
No target in view!
No target in view!
No target in view!
p - 5 murky purple potions (gained 1)
There is an open door here.
A spear shoots out and hits you!
There is a spear trap here.
You take 11 damage, and have 40/51 hp.
MASSIVE DAMAGE!!
You found an arrow trap!
You avoid triggering an arrow trap.
There is an arrow trap here.
Found a gate leading back out of this place.
There is a gate leading back out of this place here.
Welcome back to the Dungeon!
There is a collapsed entrance here.
There is an open door here.
A two-headed ogre comes into view. It is wielding two giant spiked clubs.
The two-headed ogre shouts in stereo!
You hear a shout!
An orc comes into view. It is wielding a falchion.
The orc shouts!
You hear a shout!
You hear an angry hiss.
A leopard gecko comes into view.
You see here 7 gold pieces.
There is an open door here.
You hit the two-headed ogre but do no damage.
You block the two-headed ogre's attack. x2
You hit the two-headed ogre. You thump the two-headed ogre!
The two-headed ogre hits you with a giant spiked club.
You block the two-headed ogre's attack.
You take 1 damage, and have 48/51 hp.
You sock the two-headed ogre!
The two-headed ogre hits you with a giant spiked club!
The two-headed ogre hits you with a giant spiked club.
You take 10 damage, and have 38/51 hp.
You barely miss the two-headed ogre. You sock the two-headed ogre!
The two-headed ogre hits you with a giant spiked club!
You block the two-headed ogre's attack.
You take 16 damage, and have 22/51 hp.
MASSIVE DAMAGE!!
You sock the two-headed ogre!
The two-headed ogre hits you with a giant spiked club!
* * * LOW HITPOINT WARNING * * *
The two-headed ogre hits you with a giant spiked club!!
You die...

.... .. ### ..#
.###### ...
#.##.......
###.##...........
..................
.............<.....
#.o.<...........
+#######O.............
#...#..@#.............
#.>.#...##...........(
#...#...##..o[........
### ######............
#...#...##....$.......
#.>.#.>.##............
#...#...#...######..##
+#######'...## ##
#......#


You could see a two-headed ogre and an orc.

Vanquished Creatures
  Sigmund (D:3)
  An ice beast (D:6)
  A sky beast (D:5)
  A centaur (D:6)
  An ogre (D:5)
  Blork the orc (D:5)
  2 bullfrogs (D:6)
  2 howler monkeys
  3 crimson imps
  A centaur zombie (D:6)
  A centaur skeleton (D:6)
  2 hounds (D:6)
  A jelly (D:6)
  A human zombie (Ossuary)
  3 orc priests
  Jessica (D:3)
  An iguana (D:4)
  2 worker ants (D:6)
  Natasha (D:2)
  2 orc wizards
  A big kobold zombie (Ossuary)
  A hound skeleton (D:4)
  4 mummies (Ossuary)
  A worker ant zombie (D:5)
  7 gnolls
  6 adders
  A howler monkey skeleton (D:3)
  2 oozes
  An adder zombie (Ossuary)
  2 adder skeletons
  2 worms
  A dart slug (D:1)
  3 leopard geckos
  22 orcs
  A ball python (D:2)
  10 bats
  5 giant cockroaches
  8 hobgoblins
  9 jackals
  A quokka (D:4)
  4 frilled lizards
  A gnoll zombie (Ossuary)
  8 goblins
  2 goblin zombies (Ossuary)
  2 hobgoblin zombies (Ossuary)
  A jackal skeleton (D:5)
  A jackal zombie (Ossuary)
  9 kobolds
  An orc zombie (Ossuary)
  12 rats
  2 rat zombies (Ossuary)
160 creatures vanquished.

Notes
Turn   | Place    | Note
-------+----------+-------------------------------------------
     0 | D:1      | shakethe the Gargoyle Fighter began the quest for the Orb.
     0 | D:1      | Reached XP level 1. HP: 14/14 MP: 1/1
    52 | D:1      | Reached XP level 2. HP: 19/19 MP: 2/2
   418 | D:1      | Reached XP level 3. HP: 21/23 MP: 3/3
   419 | D:1      | Reached skill level 4 in Shields
   743 | D:2      | Reached skill level 3 in Maces & Flails
  1015 | D:2      | Noticed Natasha
  1022 | D:2      | Killed Natasha
  1022 | D:2      | Reached XP level 4. HP: 12/28 MP: 4/4
  1056 | D:2      | Reached skill level 4 in Maces & Flails
  1318 | D:2      | Found a hazy altar of Hepliaklqana.
  1769 | D:3      | Reached XP level 5. HP: 29/32 MP: 5/5
  1921 | D:3      | Reached skill level 5 in Maces & Flails
  1934 | D:3      | HP: 8/32 [orc priest/trident (4)]
  2275 | D:3      | Noticed Jessica
  2284 | D:3      | Killed Jessica
  2457 | D:3      | Noticed Sigmund
  2468 | D:3      | Killed Sigmund
  2468 | D:3      | Reached skill level 6 in Maces & Flails
  2468 | D:3      | Reached XP level 6. HP: 32/37 MP: 6/6
  3097 | D:4      | Reached skill level 7 in Maces & Flails
  3097 | D:4      | Reached XP level 7. HP: 41/41 MP: 7/7
  3381 | D:4      | Found a shimmering altar of Xom.
  3394 | D:4      | Found an opulent altar of Gozag.
  3667 | D:4      | Found a sparkling altar of Nemelex Xobeh.
  3750 | D:5      | Entered Level 5 of the Dungeon
  3856 | D:5      | Reached skill level 8 in Maces & Flails
  4372 | D:5      | Noticed Blork the orc
  4400 | D:5      | Killed Blork the orc
  4400 | D:5      | Reached XP level 8. HP: 35/46 MP: 8/8
  4406 | D:5      | HP: 8/46 [ogre/giant club (14)]
  4412 | D:5      | Reached skill level 9 in Maces & Flails
  5143 | D:6      | Reached skill level 10 in Maces & Flails
  5262 | D:6      | Found an ornate altar of the Wu Jian Council.
  5625 | D:6      | Found a basalt altar of Yredelemnul.
  5795 | D:7      | Found a sand-covered staircase.
  5823 | Ossuary  | Entered an ossuary
  5862 | Ossuary  | Reached skill level 11 in Maces & Flails
  5862 | Ossuary  | Reached XP level 9. HP: 35/51 MP: 9/9
  6056 | D:7      | Noticed a two-headed ogre
  6074 | D:7      | Slain by a two-headed ogre

Skill      XL: |  1  2  3  4  5  6  7  8 |
---------------+-------------------------+-----
Shields        | 4 |  4.0
Maces & Flails | 3 4 6 7 8 11 | 11.1
Fighting       | |  3.2
Armour         | |  3.2

Action                   |  1- 3 |  4- 6 |  7- 9 || total
-------------------------+-------+-------+-------++-------
Melee: Flail             |   109 |   195 |   311 ||   615
  Eat: Chunk             |       |     8 |     5 ||    13
       Ration            |       |       |     1 ||     1
Armor: Scale mail        |    90 |    88 |   181 ||   359
Dodge: Dodged            |    39 |    48 |   103 ||   190
Block: Shield            |    66 |    98 |   180 ||   344

Vault maps used:
D:1:      erik_arrival_cave_to_civilisation, minmay_crystal_water,
          minmay_misc_feat_x
D:2:      lemuel_round_altar, uniq_natasha
D:3:      uniq_sigmund, uniq_jessica
D:4:      nicolae_gozag_seed_capital, xom_teletrap_fun,
          nemelex_dance_club_becter
D:5:      first_ration, uniq_blork_the_orc
D:6:      kennysheep_mini, overflow_temple_1_default
D:7:      nicolae_overflow_hidden_temple, minmay_temple_entry_overgrown,
          nicolae_ossuary_entry_false_entrances, grunt_ogre_cave,
          minmay_misc_feat_hallway, grunt_ministairs_1, roderic_lattice_a,
          uniq_crazy_yiuf_cottage
Ossuary:  ossuary_minmay_tomb_2a

Table legend:
 A = Turns spent in this place as a percentage of turns spent in the entire game.
 B = Non-inter-level travel turns spent in this place as a percentage of non-inter-level travel turns spent in the entire game.
 C = Inter-level travel turns spent in this place as a percentage of turns spent in this place.
 D = Turns resting spent in this place as a percentage of non-inter-level travel turns spent in this place.
 E = Turns spent auto-exploring this place as a percentage of non-inter-level travel turns spent in this place.
 F = Non-inter-level travel turns spent in this place divided by the number of levels of this place that you've seen.
                   A       B       C       D       E      F
               +-------+-------+-------+-------+-------+----------------------
         Total | 100.0 | 100.0 |   0.0 |  13.3 |  60.7 | 759.2
       Dungeon |  96.3 |  96.3 |   0.0 |  13.8 |  62.1 | 835.4
       Ossuary |   3.7 |   3.7 |   0.0 |   0.0 |  22.6 | 226.0
               +-------+-------+-------+-------+-------+----------------------

Table legend:
 A = Kills in this place as a percentage of kills in entire the game.
 B = Kills by you in this place as a percentage of kills by you in the entire game.
 C = Kills by friends in this place as a percentage of kills by friends in the entire game.
 D = Other kills in this place as a percentage of other kills in the entire game.
 E = Experience gained in this place as a percentage of experience gained in the entire game.
 F = Experience gained in this place divided by the number of levels of this place that you have seen.
                   A       B       C       D       E      F
               +-------+-------+-------+-------+-------+----------------------
         Total | 100.0 | 100.0 |   N/A |   N/A | 100.0 | 306.1
       Dungeon |  90.0 |  90.0 |   N/A |   N/A |  93.6 | 327.6
       Ossuary |  10.0 |  10.0 |   N/A |   N/A |   6.4 | 156.0
               +-------+-------+-------+-------+-------+----------------------
